 Dungeon Sprint DCSS version 0.17-a0-1646-geb1493d (webtiles) character file.

6026 Kidiri the Unseen (level 10, -2/44 HPs)
             Began as a Spriggan Enchanter on Aug 10, 2015.
             Was the Champion of Dithmenos.
             Slain by a demonic crawler (8 damage)
             ... in the Dungeon (Sprint VII: "The Pits").
             The game lasted 00:08:54 (1855 turns).

Kidiri the Unseen (Spriggan Enchanter)              Turns: 1855, Time: 00:08:54

Health: -2/44      AC:  4    Str:  7    XL:     10   Next: 56%
Magic:  12/28      EV: 34    Int: 19    God:    Dithmenos [******]
Gold:   0          SH:  0    Dex: 18    Spells: 5 memorised, 23 levels left

rFire  . . .     SeeInvis +     t - +2 rapier (venom)
rCold  . . .     Clarity  .     b - +1 robe
rNeg   . . .     SustAt   .     (shield restricted)
rPois  .         Gourm    .     (helmet restricted)
rElec  .         Spirit   .     p - +0 cloak
rCorr  .         Warding  .     (gloves unavailable)
rMut   .         NoTele   +     (boots unavailable)
MR     +....                    (no amulet)
Stlth  ++++++++++               q - +3 ring of strength
                                k - +3 ring of evasion

@: wreathed by umbra, very quick, somewhat resistant to hostile enchantments,
uncannily stealthy
A: unfitting armour, see invisible, herbivore 3, speed 3, slow metabolism 2
a: Shadow Step, Shadow Form, Renounce Religion


You were in the Dungeon.
You worshipped Dithmenos.
Dithmenos was exalted by your worship.
You were not hungry.

You visited 1 branch

Inventory:

Hand weapons
 t - a +2 rapier of venom (weapon)
Armour
 b - a +1 robe (worn)
 p - a +0 cloak (worn)
Jewellery
 k - a +3 ring of evasion (left hand)
 q - a +3 ring of strength (right hand)
Scrolls
 j - a scroll of blinking
 m - 3 scrolls of remove curse
 n - 5 scrolls of amnesia
 o - a scroll of summoning
Potions
 e - 9 potions of curing
 f - 11 potions of heal wounds
 g - a potion of haste
 h - 4 potions of magic
 i - 2 potions of berserk rage
 l - 2 potions of invisibility
 r - 2 potions of might
 s - a potion of cure mutation
Books
 c - a book of Maledictions

   Spells                             Type                      Level
   a - Corona                         Hexes                        1
   b - Ensorcelled Hibernation        Hexes/Ice                    2
   c - Confuse                        Hexes                        3
   d - Tukima's Dance                 Hexes                        3
   e - Dazzling Spray                 Conjuration/Hexes            3
Comestibles
 a - 40 fruits
 d - 8 bread rations


   Skills:
 + Level 9.1 Short Blades
 * Level 15.1 Dodging
 * Level 16.6 Stealth
 * Level 13.1 Spellcasting
 + Level 5.1 Conjurations
 + Level 10.1 Hexes
 + Level 6.3 Ice Magic
 + Level 7.8 Invocations


You had 23 spell levels left.
You knew the following spells:

 Your Spells              Type           Power        Failure   Level  Hunger
a - Corona                Hex            ######.      1%          1    None
b - Ensorcelled Hibernat  Hex/Ice        #####.       1%          2    None
c - Confuse               Hex            ######..     1%          3    None
d - Tukima's Dance        Hex            ######..     1%          3    None
e - Dazzling Spray        Conj/Hex       #####...     1%          3    None


Dungeon Overview and Level Annotations

Branches:
Dungeon (1/1)

Altars:
Ashenzari
Cheibriados
Dithmenos
Elyvilon
Fedhas
Gozag
Kikubaaqudgha
Makhleb
Nemelex Xobeh
Okawaru
Qazlal
Ru
Sif Muna
Trog
Vehumet
Xom
Yredelemnul
Zin
The Shining One
Beogh
Jiyva
Lugonu


Innate Abilities, Weirdness & Mutations

You are tiny and cannot use many weapons and most armour.
You have supernaturally acute eyesight.
You are a herbivore.
You cover ground extremely quickly.
You need consume almost no food.


Message History

The demonic crawler closely misses you.
The demonic crawler hits you but does no damage.
The demonic crawler hits you.
You hit the demonic crawler but do no damage.
The demonic crawler is severely wounded.
The demonic crawler closely misses you.
The demonic crawler completely misses you.
The demonic crawler closely misses you.
You hit the demonic crawler but do no damage.
The demonic crawler is almost dead.
The demonic crawler closely misses you. The demonic crawler hits you!
* * * LOW HITPOINT WARNING * * *
You emit a cloud of dark smoke.
The demonic crawler barely misses you.
You are too injured to fight recklessly!
You are too injured to fight recklessly!
Unknown command.
You barely miss the demonic crawler.
The demonic crawler is almost dead.
The demonic crawler hits you!
You die...

.#......# ........+
........+ .#......#
........# #''######
#''################
#..#%..........§§s##
#..##.........§§@§§#
#..####...#'######...#
#..#..#####.## #+##
#..#....##...#
#..'.....#...#
#..'...).'...+
#..'.....#...#
#..#....##...#
#..#..#####.##


You could see a demonic crawler.

Vanquished Creatures
  A minotaur (D)
  A sun demon (D)
  An unseen horror (D)
  2 orc knights (D)
  A hornet (D)
  Joseph (D)
  A troll (D)
  An efreet (D)
  A polar bear (D)
  A tarantella (D)
  A deep elf fighter (D)
  A mottled dragon (D)
  2 vampire mosquitoes (D)
  A hungry ghost (D)
  A water moccasin (D)
  A porcupine (D)
  2 eyes of draining (D)
  Purgy (D)
  An ogre (D)
  3 orc warriors (D)
  A big kobold (D)
  A brain worm (D)
  A jelly (D)
  An orc priest (D)
  A hell rat (D)
  An iron imp (D)
  An orc wizard (D)
  A worker ant (D)
  2 river rats (D)
  2 adders (D)
  6 orcs (D)
  2 bats (D)
  A bat skeleton (D)
  A giant cockroach (D)
  A goblin (D)
  A jackal (D)
  A kobold (D)
  A quokka (D)
  A giant cockroach zombie (D)
  A rat (D)
53 creatures vanquished.

Notes
Turn   | Place    | Note
--------------------------------------------------------------
     0 | D        | Kidiri the Spriggan Enchanter began the quest for the Orb.
     0 | D        | Reached XP level 1. HP: 9/9 MP: 5/5
    29 | D        | Found a sacrificial altar of Ru.
    29 | D        | Found a basalt altar of Yredelemnul.
    29 | D        | Found a shadowy altar of Dithmenos.
    29 | D        | Found a deep blue altar of Sif Muna.
    29 | D        | Found a burning altar of Makhleb.
    29 | D        | Found a shimmering altar of Xom.
    29 | D        | Found an ancient bone altar of Kikubaaqudgha.
    29 | D        | Found a sparkling altar of Nemelex Xobeh.
    30 | D        | Found a glowing golden altar of the Shining One.
    30 | D        | Found a bloodstained altar of Trog.
    30 | D        | Found a shattered altar of Ashenzari.
    30 | D        | Found a white marble altar of Elyvilon.
    30 | D        | Found a snail-covered altar of Cheibriados.
    30 | D        | Found a blossoming altar of Fedhas.
    30 | D        | Found a radiant altar of Vehumet.
    30 | D        | Found a glowing silver altar of Zin.
    30 | D        | Found a corrupted altar of Lugonu.
    30 | D        | Found a viscous altar of Jiyva.
    30 | D        | Found a roughly hewn altar of Beogh.
    30 | D        | Found an iron altar of Okawaru.
    36 | D        | Found a stormy altar of Qazlal.
    36 | D        | Found an opulent altar of Gozag.
    43 | D        | Became a worshipper of Dithmenos the Shadowed
   193 | D        | Reached skill level 5 in Stealth
   303 | D        | Reached skill level 1 in Invocations
   303 | D        | Reached XP level 2. HP: 13/13 MP: 7/7
   312 | D        | Learned a level 2 spell: Ensorcelled Hibernation
   416 | D        | Acquired Dithmenos's first power
   416 | D        | Reached skill level 6 in Stealth
   529 | D        | Noticed a hungry ghost
   530 | D        | Noticed a deep elf fighter
   531 | D        | Noticed an orc warrior
   568 | D        | Reached XP level 3. HP: 16/16 MP: 5/9
   579 | D        | Learned a level 3 spell: Confuse
   587 | D        | Killed a hungry ghost
   587 | D        | Acquired Dithmenos's second power
   587 | D        | Reached skill level 8 in Stealth
   587 | D        | Reached skill level 5 in Spellcasting
   587 | D        | Reached skill level 5 in Hexes
   587 | D        | Reached XP level 4. HP: 21/21 MP: 1/12
   587 | D        | Reached XP level 5. HP: 24/24 MP: 1/14
   617 | D        | Killed a deep elf fighter
   617 | D        | Reached skill level 9 in Stealth
   617 | D        | Reached XP level 6. HP: 26/28 MP: 1/17
   622 | D        | Learned a level 3 spell: Tukima's Dance
   626 | D        | Learned a level 3 spell: Dazzling Spray
   723 | D        | Killed an orc warrior
   723 | D        | Reached skill level 5 in Short Blades
   723 | D        | Reached skill level 10 in Stealth
   727 | D        | Noticed a porcupine
   735 | D        | Killed a porcupine
   735 | D        | Reached skill level 11 in Stealth
   735 | D        | Reached skill level 1 in Conjurations
   741 | D        | Acquired Dithmenos's third power
   774 | D        | Noticed a jelly
   775 | D        | Killed a jelly
   870 | D        | Reached XP level 7. HP: 32/32 MP: 19/19
   890 | D        | Noticed a big kobold
   892 | D        | Killed a big kobold
   892 | D        | Reached skill level 10 in Dodging
   894 | D        | Noticed a hornet
   896 | D        | Killed a hornet
   896 | D        | Reached skill level 12 in Stealth
   896 | D        | Reached skill level 5 in Invocations
   898 | D        | Noticed Purgy
   898 | D        | Noticed a worker ant
   903 | D        | Killed a worker ant
   903 | D        | Acquired Dithmenos's fourth power
   906 | D        | Killed Purgy
   906 | D        | Reached XP level 8. HP: 36/36 MP: 10/22
   983 | D        | Noticed a water moccasin
   983 | D        | Noticed a vampire mosquito
   983 | D        | Noticed a vampire mosquito
   983 | D        | Noticed a hell rat
   994 | D        | Killed a water moccasin
   998 | D        | Killed a vampire mosquito
   998 | D        | Reached skill level 10 in Spellcasting
  1004 | D        | Killed a hell rat
  1009 | D        | Killed a vampire mosquito
  1009 | D        | Reached skill level 13 in Stealth
  1346 | D        | Noticed a minotaur
  1346 | D        | Noticed a brain worm
  1346 | D        | Noticed an eye of draining
  1354 | D        | Killed a minotaur
  1354 | D        | Reached skill level 14 in Stealth
  1354 | D        | Reached skill level 5 in Ice Magic
  1354 | D        | Reached XP level 9. HP: 28/39 MP: 14/25
  1358 | D        | Killed a brain worm
  1371 | D        | Killed an eye of draining
  1609 | D        | Noticed an ogre
  1609 | D        | Noticed an orc warrior
  1609 | D        | Noticed a troll
  1610 | D        | Noticed an orc warrior
  1610 | D        | Noticed an iron imp
  1610 | D        | Noticed a sun demon
  1611 | D        | Killed a troll
  1612 | D        | Killed an ogre
  1613 | D        | Noticed an efreet
  1613 | D        | Noticed an orc knight
  1613 | D        | Noticed Joseph
  1614 | D        | Killed an orc warrior
  1616 | D        | Killed Joseph
  1618 | D        | Killed an orc knight
  1618 | D        | Reached skill level 15 in Stealth
  1619 | D        | Killed an orc warrior
  1621 | D        | Killed an efreet
  1622 | D        | Reached XP level 10. HP: 44/44 MP: 25/27
  1624 | D        | Killed a sun demon
  1625 | D        | Killed an iron imp
  1663 | D        | Noticed a polar bear
  1664 | D        | Noticed a mottled dragon
  1664 | D        | Noticed an eye of draining
  1664 | D        | Noticed a tarantella
  1670 | D        | Killed a polar bear
  1675 | D        | Killed an eye of draining
  1675 | D        | Reached skill level 16 in Stealth
  1678 | D        | Killed a mottled dragon
  1681 | D        | Killed a tarantella
  1828 | D        | Noticed an unseen horror
  1830 | D        | Noticed a demonic crawler
  1831 | D        | Noticed an orc priest
  1833 | D        | Killed an unseen horror
  1833 | D        | Reached skill level 5 in Conjurations
  1833 | D        | Reached skill level 10 in Hexes
  1836 | D        | Noticed an orc wizard
  1837 | D        | Killed an orc wizard
  1839 | D        | Noticed an orc knight
  1840 | D        | Killed an orc priest
  1842 | D        | Killed an orc knight
  1842 | D        | Reached skill level 15 in Dodging
  1855 | D        | Slain by a demonic crawler

Vault maps used:
D:        pitsprint

Action                   |  1- 3 |  4- 6 |  7- 9 | 10-12 || total
-------------------------+-------+-------+-------+-------++-------
Melee: Dagger            |    21 |    17 |    16 |       ||    54
       Rapier            |       |       |    27 |    33 ||    60
 Cast: Ensorcelled Hiber |     4 |    11 |     8 |     4 ||    27
       Confuse           |     1 |       |     2 |     1 ||     4
       Dazzling Spray    |       |     1 |     6 |     6 ||    13
Invok: Shadow Step       |       |       |     1 |     4 ||     5
  Use: Potion            |     1 |       |     1 |       ||     2
 Stab: Sleeping          |     9 |     4 |    15 |     5 ||    33
       Confused          |     1 |       |     1 |     1 ||     3
       Invisible         |       |       |       |     3 ||     3
